TOP OF THE 1ST |
West Michigan Whitecaps batting - Pitching for Greenville Drive : LHP Josh Turner
|
Pitching: LHP Josh Turner
|
|
Batting: RHB Jon Goldstein
|
0-0: SINGLE (Line Drive, 8LS, EV 93.1 MPH)
|
Batting: SHB Willie Medina
|
0-0: Called Strike 0-1: Foul Ball, location: 2F 0-2: Ball 1-2: Strikes out swinging
|
Batting: LHB Dave Carlisle
|
0-0: Ball 1-0: SINGLE (Groundball, 4MD, EV 98.1 MPH) Jon Goldstein to second
|
Batting: RHB Joe Zimmerman
|
0-0: Called Strike 0-1: Ball 1-1: Ball Wild Pitch! Jon Goldstein to third Dave Carlisle to second 2-1: SINGLE (Line Drive, 89M, EV 96.9 MPH) Jon Goldstein scores Dave Carlisle to third
|
Batting: RHB German Quiroga
|
0-0: SINGLE (Line Drive, 8RS, EV 91.9 MPH) Dave Carlisle scores Joe Zimmerman to second Runner from 2nd tries for 3rd, SAFE, throw by CF made to third
|
Batting: LHB Brad Gaskill
|
0-0: Called Strike 0-1: Foul Ball, location: 2F 0-2: Ball 1-2: Foul Ball, location: 2F 1-2: Strikes out looking
|
Batting: LHB Jon Pedlar
|
0-0: Ball 1-0: Fly out, F7 (Line Drive, 7, EV 93.8 MPH)
|
Top of the 1st over - 2 runs, 4 hits, 0 errors, 2 left on base; West Michigan 2 - Greenville 0 |
BOTTOM OF THE 1ST |
Greenville Drive batting - Pitching for West Michigan Whitecaps : RHP Dan Keener
|
Pitching: RHP Dan Keener
|
|
Batting: LHB Nelis Geurts
|
0-0: Foul Ball, location: 2F 0-1: Foul Ball, location: 2F 0-2: Strikes out swinging
|
Batting: LHB Carlos Guerra
|
0-0: Ball 1-0: Ball 2-0: Ball 3-0: Called Strike 3-1: Reached on error, E6 (Groundball, 6MD, EV 110.0 MPH)
|
Batting: LHB Danny Montoya
|
0-0: Ball 1-0: Ball 2-0: Called Strike 2-1: DOUBLE (Line Drive, 3D, EV 111.2 MPH) Carlos Guerra to third
|
Batting: LHB John Criswell
|
0-0: Ball 1-0: Ball 2-0: Ball 3-0: Called Strike 3-1: Foul Ball, location: 2F 3-2: Base on Balls
|
Batting: RHB Adugna Chandu
|
0-0: Ball 1-0: Foul Ball, location: 2F 1-1: Swinging Strike 1-2: Foul Ball, location: 2F 1-2: Fielders Choice at 2nd, 3-6 (Groundball, 34, EV 84.4 MPH) Carlos Guerra scores Danny Montoya to third
|
Batting: RHB Miguel Villanueva
|
0-0: Ball 1-0: Ground out U3 (Groundball, 3S, EV 66.2 MPH)
|
Bottom of the 1st over - 1 run, 1 hit, 1 error, 2 left on base; West Michigan 2 - Greenville 1 |
TOP OF THE 2ND |
West Michigan Whitecaps batting - Pitching for Greenville Drive : LHP Josh Turner
|
Batting: RHB Yaremka Rzhevsky
|
0-0: Ball 1-0: DOUBLE (Line Drive, 8LD, EV 101.2 MPH)
|
Batting: RHB Tony Murray
|
0-0: Ball 1-0: Ball 2-0: Ball 3-0: Base on Balls
|
Batting: RHB Jon Goldstein
|
0-0: Swinging Strike 0-1: Ball 1-1: Swinging Strike 1-2: Strikes out swinging
|
Batting: SHB Willie Medina
|
0-0: Foul Ball, location: 2F 0-1: Called Strike 0-2: Strikes out swinging
|
Batting: LHB Dave Carlisle
|
0-0: Foul Ball, location: 2F 0-1: Foul Ball, location: 2F 0-2: Fielders Choice at 2nd, U4 (Groundball, 4M, EV 87.5 MPH)
|
Top of the 2nd over - 0 runs, 1 hit, 0 errors, 2 left on base; West Michigan 2 - Greenville 1 |
BOTTOM OF THE 2ND |
Greenville Drive batting - Pitching for West Michigan Whitecaps : RHP Dan Keener
|
Batting: RHB Paul Long
|
0-0: Called Strike 0-1: Called Strike 0-2: Foul Ball, location: 2F 0-2: Strikes out swinging
|
Batting: RHB Joel Vazquez
|
0-0: Ball 1-0: Ground out 5-3 (Groundball, 56, EV 93.1 MPH)
|
Batting: RHB Rogelio Cervantes
|
0-0: Ball 1-0: Foul Ball, location: 2F 1-1: Ball 2-1: SINGLE (Groundball, 56D, EV 96.2 MPH)
|
Batting: LHB Nelis Geurts
|
0-0: Called Strike 0-1: Ball Rogelio Cervantes steals 2nd base 1-1: SINGLE (Groundball, 56D, EV 105.0 MPH) Rogelio Cervantes to third Runner from 3rd tries for Home, SAFE, throw by LF to home Nelis Geurts to second
|
Batting: LHB Carlos Guerra
|
0-0: Ball 1-0: Swinging Strike 1-1: Ground out U3 (Groundball, 3, EV 80.6 MPH)
|
Bottom of the 2nd over - 1 run, 2 hits, 0 errors, 1 left on base; West Michigan 2 - Greenville 2 |
TOP OF THE 3RD |
West Michigan Whitecaps batting - Pitching for Greenville Drive : LHP Josh Turner
|
Batting: RHB Joe Zimmerman
|
0-0: Called Strike 0-1: Ball 1-1: Foul Ball, location: 2F 1-2: Fly out, F9 (Flyball, 9, EV 84.4 MPH)
|
Batting: RHB German Quiroga
|
0-0: Ball 1-0: Foul Ball, location: 2F 1-1: Ball 2-1: Ground out 5-3 (Groundball, 5, EV 83.1 MPH)
|
Batting: LHB Brad Gaskill
|
0-0: Called Strike 0-1: Ball 1-1: Ball 2-1: Called Strike 2-2: Strikes out swinging
|
Top of the 3rd over - 0 runs, 0 hits, 0 errors, 0 left on base; West Michigan 2 - Greenville 2 |
BOTTOM OF THE 3RD |
Greenville Drive batting - Pitching for West Michigan Whitecaps : RHP Dan Keener
|
Batting: LHB Danny Montoya
|
0-0: Foul Ball, location: 2F 0-1: Ball 1-1: SINGLE (Groundball, 34D, EV 103.1 MPH)
|
Batting: LHB John Criswell
|
0-0: Called Strike Danny Montoya steals 2nd base 0-1: Ball 1-1: Fly out, F7 (Flyball, 7S, EV 95.0 MPH)
|
Batting: RHB Adugna Chandu
|
0-0: Called Strike 0-1: Ball 1-1: Ball 2-1: Foul Ball, location: 2F 2-2: Foul Ball, location: 2F 2-2: Ball 3-2: Fly out, F9 (Flyball, 89S, EV 96.9 MPH)
|
Batting: RHB Miguel Villanueva
|
0-0: Ball 1-0: Called Strike 1-1: Ball 2-1: SINGLE (Groundball, 4MD, EV 99.4 MPH) Danny Montoya to third Runner from 3rd tries for Home, SAFE, throw by CF to home
|
Batting: RHB Paul Long
|
0-0: Ball Miguel Villanueva is caught stealing 2nd base 2-4
|
Bottom of the 3rd over - 1 run, 2 hits, 0 errors, 0 left on base; West Michigan 2 - Greenville 3 |
TOP OF THE 4TH |
West Michigan Whitecaps batting - Pitching for Greenville Drive : LHP Josh Turner
|
Batting: LHB Jon Pedlar
|
0-0: Fly out, F7 (Flyball, 7S, EV 79.4 MPH)
|
Batting: RHB Yaremka Rzhevsky
|
0-0: Ball 1-0: Ball 2-0: Called Strike 2-1: Foul Ball, location: 2F 2-2: Strikes out swinging, 2-3 out at first.
|
Batting: RHB Tony Murray
|
0-0: Ball 1-0: Foul Ball, location: 2F 1-1: SINGLE (Flyball, 8RS, EV 92.5 MPH)
|
Batting: RHB Jon Goldstein
|
0-0: Swinging Strike 0-1: Ball 1-1: Ball 2-1: SINGLE (Flyball, 3D, EV 86.9 MPH) Tony Murray to second Runner from 2nd tries for 3rd, SAFE, throw by RF made to third
|
Batting: SHB Willie Medina
|
0-0: SINGLE (Line Drive, 34, EV 107.5 MPH) Tony Murray scores Jon Goldstein to second Runner from 2nd tries for 3rd, OUT! 9-5
|
Top of the 4th over - 1 run, 3 hits, 0 errors, 1 left on base; West Michigan 3 - Greenville 3 |
BOTTOM OF THE 4TH |
Greenville Drive batting - Pitching for West Michigan Whitecaps : RHP Dan Keener
|
Batting: RHB Paul Long
|
0-0: Called Strike 0-1: Ball 1-1: Ball 2-1: Ball 3-1: DOUBLE (Line Drive, 78M, EV 96.2 MPH)
|
Batting: RHB Joel Vazquez
|
0-0: SINGLE (Line Drive, 8LS, EV 103.8 MPH) Paul Long to third
|
Batting: RHB Rogelio Cervantes
|
0-0: Called Strike 0-1: Foul Ball, location: 2F 0-2: Ball 1-2: Ball 2-2: Grounds into double play, 6-4-3 (Groundball, 56, EV 85.0 MPH) Paul Long scores
|
Batting: LHB Nelis Geurts
|
0-0: Called Strike 0-1: Foul Ball, location: 2F 0-2: Ball 1-2: Strikes out swinging
|
Bottom of the 4th over - 1 run, 2 hits, 0 errors, 0 left on base; West Michigan 3 - Greenville 4 |
TOP OF THE 5TH |
West Michigan Whitecaps batting - Pitching for Greenville Drive : LHP Josh Turner
|
Batting: LHB Dave Carlisle
|
0-0: Called Strike 0-1: Called Strike 0-2: Ball 1-2: Ball 2-2: Fly out, F9 (Flyball, 9S, EV 95.0 MPH)
|
Batting: RHB Joe Zimmerman
|
0-0: Called Strike 0-1: Called Strike 0-2: Foul Ball, location: 2F 0-2: Ball 1-2: Foul Ball, location: 2F 1-2: Ball 2-2: Fly out, F7 (Flyball, 7LS, EV 93.8 MPH)
|
Batting: RHB German Quiroga
|
0-0: Foul Ball, location: 2F 0-1: Swinging Strike 0-2: Strikes out swinging
|
Top of the 5th over - 0 runs, 0 hits, 0 errors, 0 left on base; West Michigan 3 - Greenville 4 |
BOTTOM OF THE 5TH |
Greenville Drive batting - Pitching for West Michigan Whitecaps : RHP Dan Keener
|
Batting: LHB Carlos Guerra
|
0-0: Called Strike 0-1: Called Strike 0-2: Ball 1-2: Foul Ball, location: 2F 1-2: Strikes out swinging
|
Batting: LHB Danny Montoya
|
0-0: Fly out, F6 (Popup, 6, EV 75.0 MPH)
|
Batting: LHB John Criswell
|
0-0: Foul Ball, location: 2F 0-1: Foul Ball, location: 2F 0-2: Ball 1-2: DOUBLE (Groundball, 3L, EV 108.1 MPH)
|
Batting: RHB Adugna Chandu
|
0-0: Ball 1-0: Ball 2-0: Fly out, F7 (Flyball, 7LM, EV 83.8 MPH)
|
Bottom of the 5th over - 0 runs, 1 hit, 0 errors, 1 left on base; West Michigan 3 - Greenville 4 |
TOP OF THE 6TH |
West Michigan Whitecaps batting - Pitching for Greenville Drive : LHP Josh Turner
|
Batting: LHB Brad Gaskill
|
0-0: Swinging Strike 0-1: Hit by Pitch
|
Batting: LHB Jon Pedlar
|
0-0: Foul Ball, location: 2F 0-1: Ball 1-1: Grounds into double play, 6-4-3 (Groundball, 6M, EV 99.4 MPH)
|
Batting: RHB Yaremka Rzhevsky
|
0-0: Swinging Strike 0-1: Ball 1-1: Called Strike 1-2: SINGLE (Groundball, 56D, EV 108.1 MPH)
|
Batting: RHB Tony Murray
|
0-0: Ground out 1-3 (Groundball, P, EV 75.0 MPH)
|
Top of the 6th over - 0 runs, 1 hit, 0 errors, 1 left on base; West Michigan 3 - Greenville 4 |
BOTTOM OF THE 6TH |
Greenville Drive batting - Pitching for West Michigan Whitecaps : RHP Dan Keener
|
Batting: RHB Miguel Villanueva
|
0-0: Called Strike 0-1: Foul Ball, location: 2F 0-2: Ball 1-2: Ball 2-2: Strikes out swinging
|
Batting: RHB Paul Long
|
0-0: Foul Ball, location: 2F 0-1: Swinging Strike 0-2: Foul Ball, location: 2F 0-2: Ball 1-2: Ball 2-2: Ball 3-2: Base on Balls
|
Batting: RHB Joel Vazquez
|
0-0: SINGLE (Groundball, 5D, EV 95.0 MPH) Paul Long to second
|
Batting: RHB Rogelio Cervantes
|
0-0: Called Strike 0-1: Called Strike 0-2: Strikes out swinging
|
Pitching: LHP Chris Thomas
|
|
Batting: RHB Travis Campbell
|
0-0: Ground out 2-3 (Groundball, 15S, EV 69.4 MPH)
|
Bottom of the 6th over - 0 runs, 1 hit, 0 errors, 2 left on base; West Michigan 3 - Greenville 4 |
TOP OF THE 7TH |
West Michigan Whitecaps batting - Pitching for Greenville Drive : LHP Josh Turner
|
Batting: RHB Jon Goldstein
|
0-0: Ball 1-0: Ground out 4-3 (Groundball, 4, EV 85.0 MPH)
|
Batting: SHB Willie Medina
|
0-0: Called Strike 0-1: Ball 1-1: Swinging Strike 1-2: Strikes out looking
|
Batting: LHB Dave Carlisle
|
0-0: Called Strike 0-1: Ball 1-1: Foul Ball, location: 2F 1-2: Ground out 4-3 (Groundball, 4M, EV 105.6 MPH)
|
Top of the 7th over - 0 runs, 0 hits, 0 errors, 0 left on base; West Michigan 3 - Greenville 4 |
BOTTOM OF THE 7TH |
Greenville Drive batting - Pitching for West Michigan Whitecaps : LHP Chris Thomas
|
Batting: LHB Carlos Guerra
|
0-0: Foul Ball, location: 2F 0-1: Ball 1-1: Called Strike 1-2: Ball 2-2: Fly out, F6 (Flyball, 4MD, EV 90.0 MPH)
|
Batting: LHB Danny Montoya
|
0-0: Ball 1-0: Foul Ball, location: 2F 1-1: Called Strike 1-2: Ball 2-2: SINGLE (Groundball, 5L, EV 89.4 MPH) (infield hit)
|
Batting: LHB John Criswell
|
0-0: Fly out, F9 (Line Drive, 9, EV 93.8 MPH)
|
Batting: RHB Adugna Chandu
|
0-0: Foul Ball, location: 2F 0-1: Swinging Strike 0-2: Fly out, F7 (Flyball, 7, EV 88.1 MPH)
|
Bottom of the 7th over - 0 runs, 1 hit, 0 errors, 1 left on base; West Michigan 3 - Greenville 4 |
TOP OF THE 8TH |
West Michigan Whitecaps batting - Pitching for Greenville Drive : LHP Josh Turner
|
Pitching: RHP Paul Carter
|
|
Batting: RHB Joe Zimmerman
|
0-0: Ball 1-0: SOLO HOME RUN (Flyball, 7D, EV 97.5 MPH), Distance : 385 ft
|
Pinch Hitting: LHB Jamie Christian
|
0-0: Ball 1-0: Foul Ball, location: 2F 1-1: Called Strike 1-2: SOLO HOME RUN (Flyball, 9D, EV 100.6 MPH), Distance : 398 ft
|
Batting: LHB Brad Gaskill
|
0-0: Swinging Strike 0-1: Ball 1-1: Called Strike 1-2: Strikes out swinging
|
Batting: LHB Jon Pedlar
|
0-0: Ball 1-0: Ball 2-0: Called Strike 2-1: Foul Ball, location: 2F 2-2: DOUBLE (Line Drive, 7LS, EV 106.9 MPH)
|
Batting: RHB Yaremka Rzhevsky
|
0-0: Ball 1-0: SINGLE (Line Drive, 7S, EV 93.8 MPH) Jon Pedlar to third
|
Batting: RHB Tony Murray
|
0-0: Ground out 6-3 (Groundball, 56, EV 102.5 MPH) Yaremka Rzhevsky to second
|
Batting: RHB Jon Goldstein
|
0-0: Ball 1-0: Ball 2-0: Ball Passed Ball! Jon Pedlar scores Yaremka Rzhevsky to third 3-0: Base on Balls
|
Batting: SHB Willie Medina
|
0-0: Ball 1-0: Foul Ball, location: 2F 1-1: Ball 2-1: Swinging Strike 2-2: Strikes out swinging
|
Top of the 8th over - 3 runs, 4 hits, 0 errors, 2 left on base; West Michigan 6 - Greenville 4 |
BOTTOM OF THE 8TH |
Greenville Drive batting - Pitching for West Michigan Whitecaps : LHP Chris Thomas
|
Pitching: LHP Jesse Turner
|
|
Now at 3B: Ryohei Nakano
|
|
Batting: RHB Miguel Villanueva
|
0-0: Ball 1-0: Ball 2-0: Called Strike 2-1: Swinging Strike 2-2: Strikes out looking
|
Batting: RHB Paul Long
|
0-0: Called Strike 0-1: Ball 1-1: Foul Ball, location: 2F 1-2: Foul Ball, location: 2F 1-2: Foul Ball, location: 2F 1-2: Ball 2-2: Strikes out looking
|
Batting: RHB Joel Vazquez
|
0-0: Foul Ball, location: 2F 0-1: Foul Ball, location: 2F 0-2: Ball 1-2: Foul Ball, location: 2F 1-2: Strikes out looking
|
Bottom of the 8th over - 0 runs, 0 hits, 0 errors, 0 left on base; West Michigan 6 - Greenville 4 |
TOP OF THE 9TH |
West Michigan Whitecaps batting - Pitching for Greenville Drive : RHP Paul Carter
|
Pitching: RHP Joseph Anderson
|
|
Batting: LHB Dave Carlisle
|
0-0: Called Strike 0-1: Ball 1-1: Fly out, F8 (Line Drive, 78D, EV 88.1 MPH)
|
Batting: RHB Joe Zimmerman
|
0-0: Swinging Strike 0-1: Called Strike 0-2: Strikes out looking and he physically ARGUES THE CALL AND IS TOSSED!
|
Batting: SHB Ryohei Nakano
|
0-0: Ball 1-0: Ball 2-0: Called Strike 2-1: Ball 3-1: Called Strike 3-2: Strikes out swinging
|
Top of the 9th over - 0 runs, 0 hits, 0 errors, 0 left on base; West Michigan 6 - Greenville 4 |
BOTTOM OF THE 9TH |
Greenville Drive batting - Pitching for West Michigan Whitecaps : LHP Jesse Turner
|
Pitching: RHP Juan Cornejo
|
|
Now in RF: Steve Herrera
|
|
Batting: RHB Rogelio Cervantes
|
0-0: Ball 1-0: SINGLE (Groundball, 4MD, EV 80.6 MPH) (infield hit)
|
Batting: SHB Robert Soto
|
0-0: Called Strike 0-1: Fly out, F9 (Flyball, 89M, EV 96.2 MPH)
|
Batting: LHB Carlos Guerra
|
0-0: Ball 1-0: Foul Ball, location: 2F 1-1: Swinging Strike 1-2: Ball 2-2: Strikes out swinging
|
Batting: LHB Danny Montoya
|
0-0: Ball 1-0: Reached on error, E5 (Groundball, 56S, EV 83.8 MPH) Rogelio Cervantes to second
|
Batting: LHB John Criswell
|
0-0: Ball 1-0: Foul Ball, location: 2F 1-1: 3-RUN HOME RUN (Flyball, 9LD, EV 93.1 MPH), Distance : 348 ft
|
Bottom of the 9th over - 3 runs, 2 hits, 1 error, 0 left on base; West Michigan 6 - Greenville 7 |
|